 Dungeon Sprint DCSS version 0.17-a0-1-g1f4be75 (webtiles) character file.

6100000 Medar the Intangible (level 21, -6/244 HPs)
             Began as a Deep Dwarf Monk on Mar 13, 2015.
             Was the Champion of Makhleb.
             Mangled by The Servant
             ... wielding a +9 glaive of flaming
              (65 damage)
             ... in the Dungeon (Sprint VIII: "Arena of Blood").
             The game lasted 00:02:57 (61 turns).

Medar the Intangible (Deep Dwarf Monk)                Turns: 61, Time: 00:02:57

Health: -6/244     AC:  4    Str: 15    XL:     21   Next: 54%
Magic:  24/45      EV: 37    Int: 14    God:    Makhleb [******]
Gold:   0          SH:  0    Dex: 22    Spells: 0 memorised, 66 levels left

rFire  . . .     SeeInvis .     j - +∞ Axe of Woe
rCold  . . .     Clarity  .     a - +0 robe
rNeg   + . .     SustAb   .     (no shield)
rPois  .         Gourm    .     (no helmet)
rElec  .         Spirit   .     (no cloak)
rCorr  .         Warding  .     (no gloves)
rMut   .         NoTele   +     (no boots)
MR     +++..                    (no amulet)
Stlth  +++++++++.               (no ring)
                                (no ring)

@: non-regenerating, extremely resistant to hostile enchantments, incredibly
stealthy
A: damage resistance, recharge devices, negative energy resistance 1, sense
surroundings 3, slow healing 3
a: Device Recharging, Minor Destruction, Lesser Servant of Makhleb, Major
Destruction, Greater Servant of Makhleb, Renounce Religion


You were in the Dungeon.
You worshipped Makhleb.
Makhleb was exalted by your worship.
You were not hungry.

You visited 1 branch

Inventory:

Hand weapons
 j - the +∞ Axe of Woe (weapon)
   (You found it in the Dungeon)
Armour
 a - a +0 robe (worn)
Magical devices
 b - a wand of heal wounds (5)
Scrolls
 i - a scroll of blinking
Potions
 d - a potion of curing {@q1}
 e - a potion of heal wounds
 f - a potion of haste
 g - 2 potions of magic
 h - a potion of berserk rage {!q}
Comestibles
 c - a bread ration


   Skills:
 O Level 27 Fighting
 O Level 27 Axes
 + Level 24.9 Throwing
 O Level 27 Armour
 O Level 27 Dodging
 O Level 27 Stealth
 + Level 25.1 Unarmed Combat
 + Level 23.3 Spellcasting
 O Level 27 Invocations
 O Level 27 Evocations


You had 66 spell levels left.
You didn't know any spells.

Dungeon Overview and Level Annotations

Branches:
Dungeon (1/1)

Altars:
Makhleb

Annotations:
D The Servant


Innate Abilities, Weirdness & Mutations

You are resistant to damage.
You can recharge devices by infusing magical energy.
You resist negative energy.
You passively map a large area around you.
You do not heal naturally.


Message History

A meat berserker comes into view. It is wielding a +9 battleaxe.
Unknown command.
You slice the bag of meat like a ripe choko!!!
You fatally mangle the bag of meat.
You kill the bag of meat!
Makhleb accepts your kill.
You feel a little better.
Your Unarmed Combat skill increases to level 25!
You hear a shout! x3
The tyrant casts a spell.
The tyrant seems to speed up.
You hear a shout! x3
The accursed casts a spell at you. Something smites you!
* * * LOW HITPOINT WARNING * * *
You hear a shout! x3
The tyrant gestures wildly while chanting.
You hear a shout! x2
The Servant hits you with a +9 glaive of flaming!!!
You die...

, ,, ......... , , ,
* , #... ...# , , ,,
,, ,, #... ...# . ,
..###... ...###.. ,
,..X...###........ ,
, .V.L.._.......... *
#XX..x#..o..D.# , , ,
, , #_.<._#x.......
,,, ,, * ,
..#...)@#).....#. , ,
,......_.@))........,
, ......###))M).....#
, ,,
..###.....M)###......
, , , #.....O.#,
,.... , , , ,
#.......# ,,,.. ,
,,,, .........,, , ,
, * ,, ........,, * ,
, , ,,,,, ...... , ,
,,


You could see 2 accurseds, a tyrant, The Servant, a destroyer (wandering), 3
large abominations, a meat berserker (berserk) and a small abomination.

Vanquished Creatures
  A hydra (D)
  13 ogres (D)
  24 orcs (D)
  2 skeletal warriors (D)
  11 vampire knights (D)
  3 small abominations (D)
  3 large abominations (D)
  4 crawling corpses (D)
61 creatures vanquished.

Notes
Turn   | Place    | Note
--------------------------------------------------------------
     0 | D        | Medar, the Deep Dwarf Monk, began the quest for the Orb.
     0 | D        | Reached XP level 1. HP: 20/20 MP: 1/1
     4 | D        | Became a worshipper of Makhleb the Destroyer
     4 | D        | Acquired Makhleb's first power
     4 | D        | Acquired Makhleb's second power
     6 | D        | Noticed a meat berserker
     6 | D        | Noticed a bag of meat
     6 | D        | Noticed a bag of meat
     9 | D        | Noticed a bag of meat
     9 | D        | Noticed a meat berserker
    10 | D        | Noticed a bag of meat
    10 | D        | Noticed a bag of meat
    11 | D        | Killed a meat berserker
    11 | D        | Reached skill level 13 in Fighting
    11 | D        | Reached skill level 15 in Axes
    11 | D        | Reached skill level 15 in Armour
    11 | D        | Reached skill level 15 in Dodging
    11 | D        | Reached XP level 2. HP: 24/48 MP: 2/2
    11 | D        | Reached XP level 3. HP: 27/55 MP: 3/3
    11 | D        | Reached XP level 4. HP: 30/63 MP: 4/4
    11 | D        | Reached XP level 5. HP: 33/70 MP: 5/5
    11 | D        | Reached XP level 6. HP: 37/79 MP: 6/6
    11 | D        | Reached XP level 7. HP: 40/86 MP: 7/7
    11 | D        | Reached XP level 8. HP: 43/94 MP: 8/8
    11 | D        | Gained mutation: You passively map the area around you. [level up]
    11 | D        | Reached XP level 9. HP: 46/102 MP: 9/9
    11 | D        | Reached XP level 10. HP: 49/110 MP: 10/10
    11 | D        | Reached XP level 11. HP: 52/117 MP: 11/11
    12 | D        | Noticed a bag of meat
    12 | D        | Noticed a meat berserker
    12 | D        | Killed a meat berserker
    12 | D        | Reached skill level 15 in Fighting
    12 | D        | Reached skill level 17 in Axes
    12 | D        | Reached XP level 12. HP: 124/130 MP: 12/12
    12 | D        | Killed a bag of meat
    12 | D        | Acquired Makhleb's third power
    12 | D        | Reached skill level 18 in Axes
    12 | D        | Reached XP level 13. HP: 131/141 MP: 13/13
    13 | D        | Noticed a bag of meat
    13 | D        | Noticed a bag of meat
    13 | D        | Noticed a bag of meat
    13 | D        | Noticed a meat berserker
    14 | D        | Noticed a bag of meat
    14 | D        | Killed a bag of meat
    14 | D        | Reached skill level 19 in Axes
    14 | D        | Killed a bag of meat
    14 | D        | Acquired Makhleb's fourth power
    14 | D        | Reached skill level 20 in Axes
    14 | D        | Gained mutation: You resist negative energy. [level up]
    14 | D        | Reached XP level 14. HP: 153/156 MP: 14/14
    14 | D        | Killed a bag of meat
    14 | D        | Reached skill level 21 in Axes
    15 | D        | Noticed a bag of meat
    15 | D        | Killed a meat berserker
    15 | D        | Reached skill level 22 in Axes
    15 | D        | Reached XP level 15. HP: 152/166 MP: 15/15
    15 | D        | Killed a bag of meat
    15 | D        | Acquired Makhleb's fifth power
    15 | D        | Reached skill level 23 in Dodging
    16 | D        | Killed a meat berserker
    17 | D        | Noticed a meat berserker
    17 | D        | Killed a bag of meat
    17 | D        | Reached skill level 24 in Axes
    18 | D        | Noticed a bag of meat
    19 | D        | Noticed a bag of meat
    19 | D        | Killed a bag of meat
    19 | D        | Reached skill level 25 in Dodging
    19 | D        | Reached XP level 16. HP: 179/183 MP: 16/16
    20 | D        | Noticed a meat berserker
    20 | D        | Killed a bag of meat
    22 | D        | Noticed a destroyer
    22 | D        | Killed a bag of meat
    22 | D        | Reached skill level 26 in Axes
    23 | D        | Killed a destroyer
    23 | D        | Killed a meat berserker
    23 | D        | Reached skill level 27 in Axes
    23 | D        | Reached skill level 27 in Armour
    23 | D        | Reached skill level 27 in Dodging
    23 | D        | Reached XP level 17. HP: 195/200 MP: 17/17
    25 | D        | Noticed a bag of meat
    25 | D        | Noticed a meat berserker
    26 | D        | Noticed a bag of meat
    26 | D        | Killed a meat berserker
    26 | D        | Reached skill level 10 in Stealth
    26 | D        | Reached skill level 10 in Invocations
    26 | D        | Killed a bag of meat
    27 | D        | Noticed a bag of meat
    28 | D        | Killed a bag of meat
    28 | D        | Killed a meat berserker
    30 | D        | Noticed an eight-headed meat hydra
    30 | D        | Noticed a destroyer
    30 | D        | Noticed a bag of meat
    31 | D        | Killed a bag of meat
    31 | D        | Reached skill level 27 in Fighting
    31 | D        | Gained mutation: You passively map a large area around you. [level up]
    31 | D        | Reached XP level 18. HP: 216/218 MP: 18/37
    33 | D        | Killed a destroyer
    34 | D        | Noticed a meat berserker
    34 | D        | Killed a bag of meat
    34 | D        | Killed a bag of meat
    36 | D        | Noticed a destroyer
    37 | D        | Noticed a bag of meat
    37 | D        | Noticed a meat berserker
    37 | D        | Killed a bag of meat
    38 | D        | Killed a meat berserker
    39 | D        | Noticed a bag of meat
    40 | D        | Noticed a meat berserker
    40 | D        | Noticed a bag of meat
    40 | D        | Noticed a destroyer
    40 | D        | Killed a nine-headed meat hydra
    41 | D        | Noticed a meat berserker
    42 | D        | Noticed a bag of meat
    42 | D        | Noticed a destroyer
    42 | D        | Noticed a destroyer
    42 | D        | Killed a meat berserker
    43 | D        | Noticed a meat berserker
    43 | D        | Noticed a bag of meat
    43 | D        | Noticed a destroyer
    43 | D        | Killed a destroyer
    43 | D        | Reached skill level 27 in Stealth
    43 | D        | Reached skill level 27 in Invocations
    43 | D        | Reached skill level 5 in Throwing
    43 | D        | Killed a bag of meat
    43 | D        | Reached XP level 19. HP: 226/226 MP: 20/41
    44 | D        | Noticed a bag of meat
    44 | D        | Noticed a bag of meat
    44 | D        | Killed a destroyer
    44 | D        | Reached skill level 10 in Throwing
    44 | D        | Reached skill level 10 in Unarmed Combat
    44 | D        | Killed a bag of meat
    44 | D        | Reached skill level 15 in Evocations
    44 | D        | Noticed a destroyer
    45 | D        | Noticed a bag of meat
    45 | D        | Noticed a sculptor of flesh
    45 | D        | Noticed a sculptor of flesh
    45 | D        | Noticed a destroyer
    46 | D        | Noticed a bag of meat
    46 | D        | Noticed a destroyer
    46 | D        | Noticed The Servant
    46 | D        | Killed a destroyer
    46 | D        | Killed a destroyer
    46 | D        | Killed a meat berserker
    47 | D        | Killed a meat berserker
    47 | D        | Reached skill level 15 in Throwing
    47 | D        | Reached skill level 15 in Unarmed Combat
    48 | D        | Noticed a bag of meat
    48 | D        | Noticed a destroyer
    48 | D        | Killed a destroyer
    48 | D        | Reached skill level 15 in Spellcasting
    49 | D        | Noticed an eight-headed meat hydra
    49 | D        | Killed a meat berserker
    49 | D        | Reached XP level 20. HP: 236/236 MP: 21/41
    49 | D        | Killed a bag of meat
    49 | D        | Killed a bag of meat
    50 | D        | Killed a sculptor of flesh
    50 | D        | Reached skill level 27 in Evocations
    51 | D        | Killed a destroyer
    52 | D        | Killed a destroyer
    52 | D        | Killed a destroyer
    52 | D        | Killed a bag of meat
    52 | D        | Killed a destroyer
    52 | D        | Reached XP level 21. HP: 244/244 MP: 22/44
    54 | D        | Noticed an accursed
    54 | D        | Killed a bag of meat
    55 | D        | Noticed a meat berserker
    55 | D        | Killed a sculptor of flesh
    57 | D        | Noticed an accursed
    57 | D        | Killed a bag of meat
    58 | D        | Killed a bag of meat
    59 | D        | Killed a meat berserker
    59 | D        | Noticed a tyrant
    60 | D        | Noticed a meat berserker
    60 | D        | Killed a bag of meat
    61 | D        | Mangled by The Servant

Action                   |  1- 3 |  4- 6 |  7- 9 | 10-12 | 13-15 | 16-18 | 19-21 || total
-------------------------+-------+-------+-------+-------+-------+-------+-------++-------
Melee: Executioner's axe |     1 |       |       |     1 |     5 |    13 |    14 ||    34
